 Dungeon Crawl Stone Soup version 0.28.0 (webtiles) character file.

Game seed: 8350875748593300289

14730 ProzacElf the Cleaver (level 11, -5/118 HPs)
             Began as a Demonspawn Gladiator on Feb 4, 2022.
             Was a High Priest of Kikubaaqudgha.
             Slain by a minotaur (17 damage)
             ... in a Gauntlet.
             The game lasted 00:42:13 (12366 turns).

ProzacElf the Cleaver (Demonspawn Gladiator)       Turns: 12366, Time: 00:42:14

Health: -5/118     AC: 20    Str: 18    XL:     11   Next: 92%
Magic:  0/15       EV: 13    Int: 13    God:    Kikubaaqudgha [*****.]
Gold:   545        SH:  0    Dex: 16    Spells: 5/16 levels left

rFire   x x .      SeeInvis .   a - +4 broad axe (flame)
rCold   + + .      Faith    .   (no shield)
rNeg    . . .      Spirit   +   Q - +0 acid dragon scales
rPois   .          Reflect  .   c - +0 helmet
rElec   .          Harm     .   F - +1 cloak
rCorr   +          Rampage  +   (no gloves)
Will    .....      NoTele   +   o - +2 pair of boots {rampage}
Stlth   ..........              T - amulet of regeneration
HPRegen 1.09/turn               f - ring of ice
MPRegen 0.28/turn               U - ring of ice

@: berserking, sanguine armoured, very quick
A: claws 1, spiny 1, magic shield, magic regeneration, sanguine armour 1, talons
1, agile 1, clever 1
a: Renounce Religion, Receive Corpses, Torment


You were in a Gauntlet.
You worshipped Kikubaaqudgha.
Kikubaaqudgha was extremely pleased with you.
You visited 3 branches of the dungeon, and saw 12 of its levels.
You also visited: Gauntlet.

You collected 545 gold pieces.

Inventory:

Hand Weapons
 a - a +4 broad axe of flaming (weapon)
 b - the +3 mace of Reason {vorpal, rPois rC+}
   (You found it on level 5 of the Dungeon)

   It inflicts extra damage upon your enemies.
   rC:        It protects you from cold.
   rPois:     It protects you from poison.
 V - the +9 rapier "Ulos" {vorpal, +Blink MP+9 Int-2}
   (You found it on level 8 of the Dungeon)

   It inflicts extra damage upon your enemies.
   Int:       It affects your intelligence (-2).
   MP:        It affects your magic capacity (+9).
   +Blink:    It lets you blink.
Missiles
 g - 5 javelins
 i - 5 curare-tipped darts
 r - 4 datura-tipped darts
 s - 26 poisoned darts (quivered)
 t - 7 boomerangs
Armour
 c - a +0 helmet (worn)
 h - a +0 scale mail of cold resistance
 k - a +0 pair of boots
 o - a +2 pair of boots of rampaging (worn)
 w - a +2 plate armour of willpower
 z - the +1 hat "Basetah" {rElec Will- Dex+4}
   (You found it in a Gauntlet)

   Dex:       It affects your dexterity (+4).
   rElec:     It insulates you from electricity.
   Will:      It decreases your willpower.
 F - a +1 cloak (worn)
 N - a scarf of repulsion
 Q - +0 acid dragon scales (worn)
Jewellery
 f - a ring of ice (left claw)
 T - an amulet of regeneration (around neck)
 U - a ring of ice (right claw)
Wands
 q - a wand of flame (23)
 I - a wand of paralysis (5)
 R - a wand of digging (7)
Scrolls
 l - 7 scrolls of teleportation
 n - 2 scrolls of torment
 p - a scroll of magic mapping {unknown}
 y - 5 scrolls of enchant armour
 C - a scroll of fear
 K - a scroll of fog
Potions
 d - 2 potions of attraction
 e - 4 potions of mutation
 j - 3 potions of curing
 m - a potion of ambrosia {!e}
 u - a potion of invisibility {unknown}
 v - 2 potions of haste
 x - a potion of might
 B - a potion of flight
 D - 3 potions of brilliance {unknown}
 M - a potion of lignification


   Skills:
 - Level 5.0 Fighting
 - Level 5.0 Long Blades
 + Level 11.7 Axes
 - Level 1.7 Throwing
 - Level 6.5 Armour
 - Level 5.0 Dodging
 - Level 3.0 Spellcasting
 + Level 6.1 Necromancy
 - Level 5.0 Translocations
 - Level 5.0 Evocations


You had 5 spell levels left.
You knew the following spells:

 Your Spells              Type           Power      Damage    Failure   Level
a - Vampiric Draining     Necr           17%        2d7       7%          3
b - Corpse Rot            Necr/Air       18%        N/A       13%         2
p - Apportation           Tloc           28%        N/A       3%          1
x - Animate Dead          Necr           8%         N/A       24%         4
z - Animate Skeleton      Necr           34%        N/A       2%          1

Your spell library contained the following spells:

 Spells                   Type           Power      Damage    Failure   Level
 Sublimation of Blood     Necr           17%        N/A       3%          2
 Gell's Gravitas          Tloc           14%        N/A       11%         3
 Lesser Beckoning         Tloc           14%        N/A       11%         3
 Teleport Other           Tloc           14%        N/A       11%         3
 Dispel Undead            Necr           17%        3d10      24%         4
 Slow                     Hex            4%         N/A       28%         1
 Summon Small Mammal      Summ           4%         N/A       28%         1
 Scorch                   Fire           2%         2d5       41%         2
 Excruciating Wounds      Necr           8%         N/A       54%         5
 Anguish                  Hex/Necr       4%         N/A       63%         4
 Confusing Touch          Hex            1%         N/A       65%         3
 Flame Wave               Conj/Fire      1%         2d4       96%         4
 Simulacrum               Ice/Necr       11%        N/A       100%        6
 Summon Cactus Giant      Summ           0%         N/A       100%        6


Dungeon Overview and Level Annotations

Branches:
Dungeon (9/15)             Temple (1/1) D:7            Lair (2/6) D:9
Gauntlet (1/1)
  Swamp: Lair:2-4    Shoals: Lair:2-4     Snake: Lair:2-4    Spider: Lair:2-4
    Orc: D:9-12

Altars:
Ashenzari
Cheibriados
Dithmenos
Elyvilon
Fedhas
Gozag
Hepliaklqana
Kikubaaqudgha
Makhleb
Nemelex Xobeh
Okawaru
Qazlal
Ru
Sif Muna
Trog
Uskayaw
Vehumet
Wu Jian
Xom
Yredelemnul
Zin
The Shining One

Annotations:
D:3 1 runed translucent door, Duder's ghost, weakling MiBe Gauntlet 8 transporters, 5 runed translucent doors


Innate Abilities, Weirdness & Mutations

You have sharp fingernails.
You are partially covered in sharp spines.
When hurt, damage is shared between your health and your magic reserves.
You regenerate magic rapidly.
When seriously injured, your blood forms armour. (AC +6)
You have sharp toenails.
You are agile. (Dex +2)
Your mind is acute. (Int +2)


Message History

Yer cane toad closely misses tha minotaur.
Tha minotaur furiously retaliates!
Tha minotaur headbutts yer cane toad.
Ye take 3 damage, an' haf 70/79 hp.
Ye now haf 12/15 mp.
Tha minotaur closely misses ye.
Yer cane toad stin's tha minotaur.
Tha minotaur looks as sick as possible!
Yer cane toad poisons tha minotaur!
Tha minotaur hits ye wit' a +4 glaive o' protection!!
Tha minotaur closely misses ye.
Ye take 17 damage, an' haf 54/79 hp.
MASSIVE DAMAGE!!
Ye now haf 9/15 mp.
Ye hit tha minotaur but do nay damage.
Tha minotaur be heavily wounded.
Yer cane toad stin's tha minotaur.
Tha minotaur hits ye wit' a +4 glaive o' protection!!!
Yer blood congeals inta armour.
Tha minotaur gores ye.
* * * LOW HITPOINT WARNIN'
* * * Ye take 34 damage, an' haf 20/79 hp.
MASSIVE DAMAGE!!
Ye now haf 3/15 mp.
A red film seems ta co'er yer vision as ye go berserk!
Ye feel yerself movin' faster!
Ye feel mighty!
Yer cane toad closely misses tha minotaur. x2
Tha minotaur furiously retaliates!
Tha minotaur headbutts yer cane toad!
Yer cane toad dies!
Yer cane toad's corpse dissolves inta shadows!
Tha minotaur hits ye wit' a +4 glaive o' protection.
* * * LOW HITPOINT WARNIN'
* * * Tha minotaur barely misses ye.
Ye now haf 28/118hp.
Ye slash tha minotaur!
Ye burn tha minotaur.
Tha minotaur be severely wounded.
Ye barely miss tha minotaur.
Tha minotaur be severely wounded.
Tha minotaur hits ye wit' a +4 glaive o' protection!!
* * * LOW HITPOINT WARNIN'
* * * Tha minotaur barely misses ye.
Ye take 17 damage, an' haf 12/118 hp.
Ye now haf 1/15 mp.
Ye hit tha minotaur but do nay damage.
Tha minotaur be almost dead.
Tha minotaur be struck by yer spines.
Tha minotaur hits ye wit' a +4 glaive o' protection!!
Ye die...
Kikubaaqudgha rasps: "Ye haf failed me!
Welcome... death!"

#8∩8# #/.[# #8.8# ## #=.:#
###8.#8.8# #....#...# #.#..#8.8#
# #.#..##H##..#.# #......@......#
#.#.##.#.##.#.# #.#....#....#.#
###.#.#######.#.###
#.................
#.♣.♣.©.©.©.©.♣.♣.#
................. # ###
################# ### ### #
###≈###≈###...........###≈###≈###


You could see a minotaur (extremely poisoned).

Vanquished Creatures
  A blizzard demon (Gauntlet)
  A hydra (Lair:2)
  Sonja (Lair:1)
  Pikel (D:6)
  An ice statue (Gauntlet)
  2 rime drakes
  Maggie (D:6)
  3 cane toads (Lair:1)
  2 komodo dragons (Lair:1)
  A kobold demonologist (D:8)
  8 blink frogs (Lair:1)
  Grinder (D:5)
  A basilisk (Lair:1)
  19 yaks
  A steam dragon (D:5)
  3 chaos spawn (Gauntlet)
  A neqoxec (Gauntlet)
  Menkaure (D:6)
  An acid dragon (D:8)
  3 water moccasins
  Duvessa (D:4)
  A black bear (Lair:1)
  A sky beast (D:6)
  4 ice beasts
  2 ogres
  6 wolves
  A centaur (D:8)
  2 phantoms
  A kobold brigand (D:8)
  3 bullfrogs
  Blork the orc (D:5)
  A gnoll sergeant (D:8)
  2 scorpions
  A water moccasin zombie (D:5)
  Dowan (D:4)
  A water moccasin skeleton (D:6)
  A centaur zombie (D:8)
  2 hounds
  2 jellies
  A gnoll shaman (D:8)
  Crazy Yiuf (D:5)
  3 bullfrog skeletons
  3 orc priests
  A centaur skeleton (D:6)
  Jessica (D:2)
  Ijyb (D:2)
  2 iguanas
  5 orc wizards
  A hound skeleton (D:5)
  2 howler monkey zombies (D:6)
  Robin (D:3)
  4 adders
  8 gnolls
  A howler monkey skeleton (D:6)
  A shadow imp (D:7)
  A white imp (Gauntlet)
  3 ufetubi
  An adder skeleton (D:4)
  2 dart slugs
  16 orcs
  5 ball pythons
  9 endoplasms
  2 giant cockroaches (D:2)
  9 goblins
  8 hobgoblins
  14 jackals
  5 quokkas
  4 bats
  2 frilled lizards (D:1)
  16 kobolds
  6 rats
226 creatures vanquished.

Vanquished Creatures (collateral kills)
  A catoblepas (Lair:2)
  A black bear (Lair:2)
  3 wolves (Lair:2)
5 creatures vanquished.

Vanquished Creatures (others)
  An orc (D:6)
  A demonic plant (Gauntlet)
  9 fungi
  5 plants
16 creatures vanquished.

Grand Total: 247 creatures vanquished

Notes
Turn   | Place    | Note
-------+----------+-------------------------------------------
     0 | D:1      | ProzacElf the Demonspawn Gladiator began the quest for the
                  | Orb.
     0 | D:1      | Reached XP level 1. HP: 16/16 MP: 1/1
   319 | D:1      | Gained mutation: You regenerate magic rapidly. [demonic
                  | ancestry]
   319 | D:1      | Reached XP level 2. HP: 22/22 MP: 2/2
   534 | D:1      | Gained mutation: You are partially covered in sharp spines.
                  | [demonic ancestry]
   534 | D:1      | Reached XP level 3. HP: 27/27 MP: 3/3
   600 | D:1      | Found a faded altar of an unknown god.
   603 | D:1      | Prayed at the altar of an unknown god.
   603 | D:1      | Became a worshipper of Kikubaaqudgha
   603 | D:1      | Reached * piety under Kikubaaqudgha
   603 | D:1      | Received a gift from Kikubaaqudgha
  1441 | D:2      | Reached XP level 4. HP: 23/33 MP: 4/4
  1537 | D:2      | Learned a level 1 spell: Animate Skeleton
  1540 | D:2      | Reached ** piety under Kikubaaqudgha
  1719 | D:2      | Noticed Jessica
  1727 | D:2      | Killed Jessica
  1849 | D:2      | Found a radiant altar of Vehumet.
  2080 | D:3      | Noticed Ijyb
  2135 | D:2      | Killed Ijyb
  2136 | D:2      | Gained mutation: When hurt, damage is shared between your
                  | health and your magic reserves. [demonic ancestry]
  2136 | D:2      | Reached XP level 5. HP: 21/38 MP: 5/5
  2303 | D:3      | Noticed an angel
  2307 | D:3      | Found a shimmering altar of Xom.
  2323 | D:3      | Found a runed translucent door.
  2327 | D:3      | Noticed Duder's ghost (weakling MiBe)
  2366 | D:3      | Found an ornate altar of the Wu Jian Council.
  2473 | D:3      | Found a burning altar of Makhleb.
  2475 | D:3      | Found a hazy altar of Hepliaklqana.
  2693 | D:3      | Noticed Robin
  2832 | D:3      | Killed Robin
  2968 | D:3      | Reached *** piety under Kikubaaqudgha
  2968 | D:3      | Received a gift from Kikubaaqudgha
  3093 | D:3      | Found a snail-covered altar of Cheibriados.
  3095 | D:3      | Found a basalt altar of Yredelemnul.
  3099 | D:3      | Found an iron altar of Okawaru.
  3099 | D:3      | Found a shimmering blue altar of Sif Muna.
  3105 | D:3      | Found a sparkling altar of Nemelex Xobeh.
  3499 | D:4      | Learned a level 1 spell: Apportation
  3534 | D:4      | Noticed Duvessa
  3556 | D:4      | Gained mutation: You are dopey. (Int -2) [potion of
                  | mutation]
  3556 | D:4      | Gained mutation: Armour fits poorly on your strangely
                  | shaped body. [potion of mutation]
  3617 | D:4      | Killed Duvessa
  3618 | D:4      | Reached skill level 5 in Long Blades
  3618 | D:4      | Reached skill level 5 in Dodging
  3618 | D:4      | Reached XP level 6. HP: 7/44 MP: 4/6
  3641 | D:4      | Noticed Dowan
  4398 | D:4      | Reached skill level 1 in Spellcasting
  4398 | D:4      | Reached skill level 1 in Necromancy
  4460 | D:4      | Killed Dowan
  4558 | D:5      | Entered Level 5 of the Dungeon
  4672 | D:5      | Gained mutation: You have sharp fingernails. [demonic
                  | ancestry]
  4672 | D:5      | Reached XP level 7. HP: 26/50 MP: 5/10
  4903 | D:5      | Learned a level 2 spell: Corpse Rot
  4907 | D:5      | Learned a level 3 spell: Vampiric Draining
  4974 | D:5      | Noticed Blork the orc
  4999 | D:5      | Killed Blork the orc
  5390 | D:5      | Noticed Grinder
  5442 | D:5      | Killed Grinder
  5443 | D:5      | Reached skill level 5 in Necromancy
  5443 | D:5      | Gained mutation: When seriously injured, your blood forms
                  | armour. (AC +6) [demonic ancestry]
  5443 | D:5      | Reached XP level 8. HP: 15/58 MP: 2/12
  6441 | D:5      | Found a runed translucent door.
  6442 | D:5      | Noticed Crazy Yiuf
  6482 | D:5      | Killed Crazy Yiuf
  6489 | D:5      | Identified the +3 mace of Reason {vorpal, rPois rC+}
  6567 | D:6      | Reached skill level 5 in Fighting
  6650 | D:6      | Noticed Menkaure
  6656 | D:6      | Noticed Maggie
  6795 | D:5      | Reached skill level 1 in Translocations
  6795 | D:5      | Reached skill level 1 in Evocations
  7407 | D:6      | Reached XP level 9. HP: 55/68 MP: 11/13
  7467 | D:6      | Lost mutation: You are dopey. (Int -2) [potion of mutation]
  7467 | D:6      | Lost mutation: Armour fits poorly on your strangely shaped
                  | body. [potion of mutation]
  7467 | D:6      | Gained mutation: You are dopey. (Int -2) [potion of
                  | mutation]
  7468 | D:6      | Lost mutation: You are dopey. (Int -2) [potion of mutation]
  7468 | D:6      | Gained mutation: You have sharp toenails. [potion of
                  | mutation]
  7468 | D:6      | Gained mutation: You are agile. (Dex +2) [potion of
                  | mutation]
  7482 | D:6      | Noticed Pikel
  7501 | D:6      | Killed Pikel
  7502 | D:6      | Reached skill level 5 in Evocations
  7610 | D:6      | Killed Maggie
  7611 | D:6      | Reached skill level 5 in Translocations
  7939 | D:6      | Killed Menkaure
  7939 | D:6      | Reached **** piety under Kikubaaqudgha
  7940 | D:6      | Reached skill level 1 in Axes
  8489 | D:7      | Reached skill level 2 in Axes
  8629 | D:7      | Found a staircase to the Ecumenical Temple.
  8639 | Temple   | Entered the Ecumenical Temple
  9532 | D:8      | Reached skill level 3 in Axes
  9642 | D:8      | Noticed a kobold demonologist
  9649 | D:8      | Killed a kobold demonologist
  9652 | D:8      | Identified the +9 rapier "Ulos" {vorpal, +Blink MP+9 Int-2}
  9747 | D:8      | Reached skill level 4 in Axes
  9747 | D:8      | Reached XP level 10. HP: 58/74 MP: 6/14
  9793 | D:8      | Learned a level 4 spell: Animate Dead
 10138 | D:9      | Reached skill level 5 in Armour
 10170 | D:9      | Found a staircase to the Lair.
 10188 | D:9      | Noticed a molten gargoyle
 10199 | Lair:1   | Entered Level 1 of the Lair of Beasts
 10208 | Lair:1   | Reached skill level 5 in Axes
 10518 | Lair:1   | Reached skill level 6 in Axes
 10519 | Lair:1   | Noticed a cane toad
 10533 | Lair:1   | Killed a cane toad
 10534 | Lair:1   | Reached skill level 7 in Axes
 10542 | Lair:1   | Reached ***** piety under Kikubaaqudgha
 10668 | Lair:1   | Reached skill level 8 in Axes
 10696 | Lair:1   | Reached XP level 11. HP: 72/79 MP: 15/15
 10884 | Lair:1   | Noticed Sonja
 10931 | Lair:1   | Killed Sonja
 10932 | Lair:1   | Reached skill level 9 in Axes
 11150 | Lair:1   | Reached skill level 10 in Axes
 11698 | Lair:2   | Noticed an eight-headed hydra
 11707 | Lair:2   | Killed a five-headed hydra
 11708 | Lair:2   | Reached skill level 11 in Axes
 11769 | Lair:2   | Found a gate leading to a gauntlet.
 11775 | Lair:2   | Noticed a catoblepas
 11782 | Lair:2   | Killed a catoblepas
 11847 | Gauntlet | Entered a Gauntlet
 11847 | Gauntlet | Found a transporter.
 11854 | Gauntlet | Found a transporter.
 11856 | Gauntlet | Found a transporter.
 11870 | Gauntlet | Found a transporter.
 11876 | Gauntlet | Found a transporter.
 11879 | Gauntlet | Found a transporter.
 11892 | Gauntlet | Found a runed translucent door.
 11896 | Gauntlet | Found a transporter.
 11897 | Gauntlet | Noticed a blizzard demon
 11906 | Gauntlet | Found a transporter.
 11916 | Gauntlet | Found a runed translucent gate.
 11917 | Gauntlet | Found a transporter.
 11917 | Gauntlet | Found a runed translucent gate.
 11918 | Gauntlet | Found a runed translucent gate.
 11931 | Gauntlet | Found a transporter.
 11931 | Gauntlet | Found a transporter.
 11957 | Gauntlet | Found a runed translucent door.
 11959 | Gauntlet | Found a transporter.
 11959 | Gauntlet | Found a transporter.
 11962 | Gauntlet | Found a runed translucent door.
 12011 | Gauntlet | Found a transporter.
 12147 | Gauntlet | Gained mutation: Your mind is acute. (Int +2) [a neqoxec]
 12308 | Gauntlet | Killed a blizzard demon
 12323 | Gauntlet | Identified the +1 hat "Basetah" {rElec Will- Dex+4}
 12351 | Gauntlet | Identified the ring of Spontaneous Combustion {MP+9 EV+4
                  | Dex+2 SInv}
 12351 | Gauntlet | Noticed a minotaur
 12366 | Gauntlet | Slain by a minotaur

Illustrated notes

Levels and vault maps discovered:
D:1:      sevenhm_arrival_forest_fort_large_4, layout_basic,
          chequers_ecumenical_altar_simple
D:2:      layout_basic, basic_altar, minmay_pentomino_p4, uniq_jessica
D:3:      layout_basic, grunt_temple_overflow_order_and_chaos_1, minitemple,
          nicolae_hepliaklqana_hazy_memory, mainiacjoe_overflow_catwalk_spiral,
          ebering_ghost_reflecting_pool, kennysheep_doodads, uniq_robin,
          uniq_ijyb
D:4:      layout_basic, uniq_duvessa
D:5:      layout_layer_cave, uniq_blork_the_orc, uniq_crazy_yiuf_cottage,
          uniq_grinder
D:6:      layout_loops_ring, uniq_pikel, uniq_maggie, uniq_menkaure
D:7:      layout_loops_ring, minmay_temple_entry_junction
D:8:      layout_basic
D:9:      layout_loops_ring, dpeg_oklobed_lair, david_orc_5, minivault_8
Temple:   minmay_temple_forest_path
Lair:1:   layout_cave_pods, grunt_megastairs_1, infiniplex_staircase_pool,
          uniq_sonja
Lair:2:   layout_misc_corridors, gauntlet_entry_generic, uniq_fannar
Gauntlet: minmay_gauntlet_77_tree [minmay_gauntlet_arena_77_two_paths,
          minmay_gauntlet_arena_77_shame_cube,
          minmay_gauntlet_arena_77_two_lines,
          minmay_gauntlet_arena_77_run_for_it,
          minmay_gauntlet_arena_77_hold_the_fort, minmay_gauntlet_arena_77_path,
          minmay_gauntlet_arena_77_museum,
          nicolae_gauntlet_exit_dead_adventurers]

Skill      XL: |  1  2  3  4  5  6  7  8  9 10 11 |
---------------+----------------------------------+-----
Long Blades    | 3 4 5 |  5.0
Dodging        | 3 4 5 |  5.0
Spellcasting   | 2 3 |  3.0
Necromancy     | 2 5 6 |  6.1
Fighting       | 3 5 |  5.0
Translocations | 3 5 |  5.0
Evocations     | 4 5 |  5.0
Armour         | 4 6 |  6.5
Axes           | 4 8 11 | 11.7
Throwing       | |  1.7

Action                   |  1- 3 |  4- 6 |  7- 9 | 10-12 || total
-------------------------+-------+-------+-------+-------++-------
Melee: Long sword        |    92 |   136 |    88 |       ||   316
       Punch             |       |       |     4 |     7 ||    11
       Mace              |       |       |   102 |       ||   102
       Broad axe         |       |       |    58 |   231 ||   289
Throw: Throwing net      |     1 |     2 |       |       ||     3
       Dart              |       |     5 |     4 |       ||     9
       Boomerang         |       |     4 |       |       ||     4
 Cast: Animate Skeleton  |       |       |     1 |       ||     1
       Animate Dead      |       |       |       |     2 ||     2
Evoke: Wand              |       |     2 |     6 |     2 ||    10
  Use: Potion            |       |     3 |     4 |     2 ||     9
       Scroll            |       |    10 |     3 |    11 ||    24
 Stab: Sleeping          |     1 |       |       |       ||     1
       Held in net/web   |       |     3 |       |       ||     3
       Paralysed         |       |       |    12 |     6 ||    18
Armor: Scale mail        |     2 |       |       |       ||     2
       Ring mail         |    43 |    59 |    62 |       ||   164
       Acid dragon scale |       |       |    29 |    87 ||   116
Dodge: Dodged            |    58 |    98 |   162 |   166 ||   484
